 Dungeon Crawl Stone Soup version 0.20.1-1-g8b1a95d (webtiles) character file.

369134 Savaroth the Slayer (level 21, -3/207 HPs)
             Began as a Minotaur Berserker on Aug 6, 2017.
             Was a High Priest of Trog.
             Slain by a stone giant (26 damage)
             ... on level 3 of the Depths.
             The game lasted 03:29:15 (39087 turns).

Savaroth the Slayer (Minotaur Berserker)           Turns: 39087, Time: 03:29:16

Health: -3/207     AC: 46    Str: 35    XL:     21   Next: 65%
Magic:  29/29      EV: 24    Int:  6    God:    Trog [*****.]
Gold:   3849       SH:  0    Dex: 22    Spells: 20/20 levels left

rFire    + + .     SeeInvis .   y - +8 executioner's axe (chaos)
rCold    + . .     Gourm    .   (shield currently unavailable)
rNeg     . . .     Faith    .   K - +10 gold dragon scales
rPois    +         Spirit   .   (helmet restricted)
rElec    .         Reflect  .   G - +1 cloak
rCorr    .         Harm     .   z - +2 pair of gloves {Dex+3}
MR       +....                  O - +3 pair of boots of the Wasteland {Str+5}
Stlth    ..........             F - amulet of regeneration
Regen    0.9/turn               V - ring of protection from fire
MPRegen  0.3/turn               M - ring "Ides" {MP+9 Int+2 Dex+7}

@: no status effects
A: retaliatory headbutt, horns 2
}: 2/15 runes: decaying, gossamer
a: Berserk, Trog's Hand, Brothers in Arms, Burn Spellbooks, Renounce Religion


You were on level 3 of the Depths.
You worshipped Trog.
Trog was extremely pleased with you.
You were very hungry.

You visited 7 branches of the dungeon, and saw 37 of its levels.
You also visited: Sewer and Ice Cave.

You collected 4800 gold pieces.
You spent 951 gold pieces at shops.

Inventory:

Hand Weapons
 n - a +3 battleaxe of flaming
 y - a +8 executioner's axe of chaos (weapon)
Armour
 z - a +2 pair of gloves of dexterity (worn)
 D - +2 fire dragon scales
 G - a +1 cloak (worn)
 K - +10 gold dragon scales (worn)
 N - a scarf of repulsion
 O - the +3 pair of boots of the Wasteland (worn) {Str+5}
   (You found it on level 2 of the Depths)

   It affects your strength (+5).
 R - +0 steam dragon scales
 S - +0 swamp dragon scales
 Z - +0 ice dragon scales
Jewellery
 j - an uncursed ring of ice
 A - an uncursed ring of see invisible
 B - an uncursed ring of poison resistance
 E - an uncursed ring of protection from magic
 F - an amulet of regeneration (around neck)
 M - the ring "Ides" (right hand) {MP+9 Int+2 Dex+7}
   (You found it on level 4 of the Swamp)

   [ring of magical power]

   It affects your intelligence (+2).
   It affects your dexterity (+7).
   It affects your magic capacity (+9).
 V - a ring of protection from fire (left hand)
 W - an uncursed ring of resist corrosion
 X - an uncursed ring of protection from fire
Wands
 a - a wand of digging (21/24)
 f - a wand of disintegration (8/24)
 o - a wand of confusion (25/48)
 v - a wand of disintegration (22/24)
 H - a wand of digging (19/24)
Scrolls
 d - 5 scrolls of blinking
 g - 11 scrolls of identify
 i - 7 scrolls of fog
 k - 12 scrolls of teleportation
 l - 24 scrolls of remove curse
 m - 3 scrolls of recharging
 u - 2 scrolls of magic mapping
 I - 3 scrolls of enchant armour
 P - 3 scrolls of summoning
 Q - 2 scrolls of fear
Potions
 b - a potion of resistance
 e - 6 potions of haste
 q - 4 potions of lignification
 r - 4 potions of mutation
 t - 2 potions of cancellation
 w - 5 potions of curing
 x - 4 potions of ambrosia
 J - a potion of brilliance
 L - 6 potions of agility
 U - 6 potions of flight
 Y - 6 potions of might
Comestibles
 c - 19 bread rations
 h - 21 meat rations
 p - 29 fruits
 C - 16 royal jellies


   Skills:
 + Level 22.1 Fighting
 + Level 22.1 Axes
 + Level 22.1 Armour
 + Level 20.8 Dodging


You had 20 spell levels left.
You didn't know any spells.

Dungeon Overview and Level Annotations

Branches:
Dungeon (15/15)            Temple (0/1) D:5            Lair (6/6) D:11
  Swamp (4/4) Lair:4       Spider (4/4) Lair:4        Slime (0/5) Lair:5
    Orc (2/2) D:9             Elf (0/3) Orc:2        Vaults (4/5) D:13
  Crypt (0/3) Vaults:2     Depths (3/5) D:15

Altars:
Ashenzari
Cheibriados
Gozag
Hepliaklqana
Makhleb
Nemelex Xobeh
Okawaru
Ru
Trog
Yredelemnul
The Shining One
Jiyva

Shops:
D:5 *   D:6 (   Orc:2 ??[*?   Vaults:1 !   Vaults:2 *   Vaults:3 [   Vaults:4 !

Portals:
Hell: Depths:1 Depths:2
Pandemonium: Depths:2
Trove: D:11 (give 15 scrolls of teleportation)

Annotations:
Lair:5 1 runed door
Spider:4 exclusion: Roxanne, Roxanne


Innate Abilities, Weirdness & Mutations

You reflexively headbutt those who attack you in melee.
You have a pair of horns on your head.


Message History

The tengu warrior hits you but does no damage.
The tengu warrior pecks you but does no damage.
The tengu warrior completely misses you.
Your ogre goes berserk!
You feel somewhat more hungry.
The stone giant hits you but does no damage.
Your troll bites the fire dragon!!
Your troll barely misses the fire dragon. x2
Your two-headed ogre goes berserk!
You are feeling very hungry.
Your troll barely misses the fire dragon.
Your troll claws the fire dragon. x2
The fire dragon bites you but does no damage.
The fire dragon completely misses you. x2
The tengu warrior hits you but does no damage.
The tengu warrior hits your two-headed ogre with an enchanted war axe!
The tengu warrior closely misses you.
The tengu warrior claws you but does no damage.
The stone giant hits you!!
You die...

##≈ ≈≈≈.
....#+#####
..........#
..........#
....D...T.#
....g.CD..#
......Q@..#
......O...#
...<.O....#
###########


You could see 2 fire dragons, a stone giant, a tengu warrior, a boggart, a
friendly two-headed ogre (berserk), a friendly troll (berserk) and a friendly
ogre (berserk).

Vanquished Creatures
  A golden dragon (Depths:3)
  Jory (Depths:3)
  2 liches
  A tentacled monstrosity (Vaults:3)
  6 sphinxes
  2 shadow dragons (Depths:3)
  A thorn hunter (Swamp:3)
  Kirke (Spider:4)
  A tengu reaver (Depths:2)
  A storm dragon (Vaults:4)
  A large abomination (Vaults:4)
  2 fire giants
  3 frost giants
  An azure jelly (Vaults:4)
  3 ghost moths
  The ghost of Setanta the Bludgeoner, an adept GrFi of Okawaru (Swamp:3)
  7 vault wardens
  Aizul (Swamp:1)
  A spriggan defender (Depths:3)
  8 emperor scorpions
  13 very ugly things
  12 stone giants
  8 ironheart preservers
  6 entropy weavers
  A vampire knight (Depths:3)
  A deep elf annihilator (Depths:3)
  Nessos (D:12)
  The ghost of trm the Eclecticist, a journeyman DECj of Sif Muna (Orc:2)
  5 ettins
  4 spark wasps
  2 crystal guardians
  A merfolk javelineer (Depths:2)
  Snorg (D:12)
  A deep elf death mage (Depths:3)
  2 fire dragons (Vaults:3)
  Josephine (D:12)
  12 yaktaur captains
  A deep elf high priest (Vaults:4)
  4 great orbs of eyes
  11 ice dragons
  4 vault guards (Vaults:3)
  A rakshasa (Depths:1)
  Erica (D:9)
  A small abomination (Vaults:4)
  18 hydras
  3 catoblepae (Lair:6)
  2 death knights
  9 centaur warriors
  36 two-headed ogres
  10 death yaks
  A queen ant (Lair:5)
  9 ogre magi
  7 alligators
  A two-headed ogre (shapeshifter) (Vaults:1)
  7 deep troll shamans
  A spriggan berserker (Depths:3)
  6 deep troll earth magi
  A vampire mage (Depths:2)
  2 deep elf knights
  A sun demon (Depths:2)
  2 iron trolls (Depths:2)
  Sonja (Lair:2)
  13 hell knights
  6 skeletal warriors
  3 unseen horrors (Vaults:1)
  A glowing orange brain (Depths:1)
  2 shambling mangroves
  2 flayed ghosts
  15 deep trolls
  5 harpies (Vaults:1)
  4 wizards
  A deep elf archer (Vaults:2)
  16 ironbrand convokers
  A lindwurm (Lair:4)
  2 swamp dragons
  A mana viper (shapeshifter) (Vaults:4)
  4 necromancers
  28 wolf spiders
  18 orc knights
  5 orc sorcerers
  6 deep elf magi
  38 ugly things
  A salamander (shapeshifter) (Depths:2)
  An oklob plant (Lair:1)
  19 orb spiders
  A glowing shapeshifter (D:14)
  17 cyclopes
  3 manticores
  10 elephants
  Maurice (D:9)
  4 ice statues (IceCv)
  4 black mambas
  13 spiny frogs
  Psyche (D:12)
  8 vault sentinels
  2 torpor snails
  3 gargoyles
  15 demonic crawlers
  57 yaktaurs
  9 freezing wraiths
  7 ice devils (IceCv)
  A rime drake (Lair:1)
  2 guardian mummies (D:11)
  A queen bee (Lair:3)
  9 komodo dragons
  24 jumping spiders
  A polar bear (Lair:6)
  7 trolls
  A troll (shapeshifter) (Vaults:1)
  9 hornets
  Prince Ribbit (D:9)
  A meliai (shapeshifter) (Vaults:1)
  A tyrant leech (Swamp:4)
  18 blink frogs
  5 bog bodies
  A dream sheep (Depths:2)
  10 hippogriffs
  36 slime creatures
  79 redbacks
  A spriggan (shapeshifter) (Vaults:4)
  3 spriggans
  2 shadows
  5 basilisks
  37 tarantellas
  7 wraiths
  2 hungry ghosts
  3 wyverns
  A hog (Spider:4)
  5 water elementals
  42 yaks
  A steam dragon (D:13)
  10 swamp worms
  3 swamp worm simulacra (Swamp:4)
  23 vampire mosquitoes
  10 wargs
  18 insubstantial wisps
  19 soldier ants (Lair:5)
  4 acid dragons
  12 hydra simulacra (Swamp:4)
  10 water moccasins
  A floating eye (Depths:2)
  10 porcupines
  A hornet zombie (D:14)
  Duvessa (D:6)
  53 orc warriors
  6 swamp drakes
  4 black bears
  34 ogres
  2 phantoms
  3 ice beasts
  4 sky beasts
  2 black bears (shapeshifter) (Vaults:1)
  A necrophage (D:11)
  12 boggarts
  38 wolves
  42 centaurs
  23 crocodiles
  5 big kobolds
  9 bullfrogs
  A wyvern skeleton (D:13)
  Dowan (D:6)
  5 scorpions
  44 killer bees
  13 wights
  3 howler monkeys (D:10)
  A bullfrog zombie (D:13)
  An electric eel (Spider:4)
  3 crimson imps
  2 quasits
  8 centaur zombies
  2 draconian simulacra (IceCv)
  5 hounds
  6 bullfrog skeletons
  15 orc priests
  Crazy Yiuf (D:2)
  37 orc wizards
  4 centaur skeletons
  24 worker ants
  3 iguanas
  2 troll simulacra (IceCv)
  A spriggan simulacrum (IceCv)
  2 centaur simulacra (IceCv)
  A hound zombie (D:7)
  3 hound skeletons
  3 gnolls (D:6)
  19 adders
  2 ogre simulacra (IceCv)
  A naga simulacrum (IceCv)
  2 shadow imps
  5 swamp drake simulacra (Swamp:4)
  2 adder skeletons (D:5)
  An adder zombie (D:9)
  2 worms
  2 dart slugs (D:1)
  8 leopard geckos
  96 orcs
  8 ball pythons
  9 bats
  15 giant cockroaches
  5 goblins
  4 hobgoblins
  5 jackals
  20 kobolds
  A quokka (D:4)
  8 frilled lizards
  A quokka skeleton (D:5)
  7 rats
  5 briar patches (Swamp:3)
  A crawling corpse (Vaults:4)
  4 fungi
  4 plants
  2 withered plants (D:11)
1710 creatures vanquished.

Vanquished Creatures (collateral kills)
  Margery (Vaults:4)
  Xtahua (Vaults:3)
  Arachne (Spider:4)
  The ghost of Thaneod the Slayer, an adept MiBe of Trog (Swamp:4)
  A sphinx (Depths:3)
  A shadow dragon (Vaults:4)
  A vault warden (Vaults:4)
  2 stone giants
  3 very ugly things (Depths:1)
  2 entropy weavers
  A spark wasp (Spider:4)
  2 ettins (Orc:1)
  A fire dragon (Depths:1)
  A spriggan air mage (Depths:3)
  2 two-headed ogres (Vaults:1)
  A deep troll shaman (Depths:3)
  A death yak (Lair:4)
  A deep troll (Depths:3)
  A glowing orange brain (Depths:3)
  An orc knight (Vaults:3)
  A necromancer (Vaults:4)
  4 wolf spiders (Spider:4)
  4 cyclopes (Orc:1)
  2 vault sentinels (Vaults:4)
  3 yaktaurs (Vaults:4)
  A jumping spider (Spider:4)
  2 trolls (Vaults:3)
  A bog body (Swamp:3)
  4 redbacks (Spider:4)
  3 tarantellas (Spider:4)
  A water elemental (Depths:1)
  A hog (Spider:4)
  9 soldier ants (Lair:5)
  A swamp drake (Swamp:4)
  An orc warrior (Vaults:3)
  3 ogres
  A crimson imp (D:12)
  A worker ant (Lair:5)
  An orc (Vaults:3)
70 creatures vanquished.

Vanquished Creatures (others)
  An azure jelly (Swamp:4)
  A centaur warrior (D:14)
  2 hell knights (Depths:1)
  An ironbrand convoker (Vaults:4)
  A wolf spider (Spider:4)
  A spiny frog (Swamp:4)
  A tyrant leech (Swamp:4)
  A redback (Spider:3)
  A human (Spider:4)
  4 vampire mosquitoes (Swamp:4)
  A swamp worm (Swamp:4)
  A boggart (Depths:2)
  An orc priest (Vaults:3)
  3 briar patches (Swamp:3)
  10 fungi
  19 plants
49 creatures vanquished.

Grand Total: 1829 creatures vanquished

Notes
Turn   | Place    | Note
-------+----------+-------------------------------------------
     0 | D:1      | Savaroth the Minotaur Berserker began the quest for the Orb.
     0 | D:1      | Reached XP level 1. HP: 19/19 MP: 0/0
     6 | D:1      | Noticed a komodo dragon
     6 | D:1      | Noticed a swamp worm
     6 | D:1      | Noticed a rime drake
     7 | D:1      | Noticed a killer bee
     7 | D:1      | Noticed a wolf
   100 | D:1      | Reached XP level 2. HP: 8/27 MP: 1/1
   690 | D:2      | Reached ** piety under Trog
   690 | D:2      | Reached XP level 3. HP: 32/33 MP: 2/2
   923 | D:2      | Found a runed door.
  1418 | D:2      | Noticed Crazy Yiuf
  1425 | D:2      | Killed Crazy Yiuf
  1425 | D:2      | Reached XP level 4. HP: 28/41 MP: 3/3
  1445 | D:2      | HP: 2/41 [poisoned by Crazy Yiuf]
  1450 | D:2      | HP: 1/41 [poisoned by Crazy Yiuf]
  1757 | D:3      | Found a sparkling altar of Nemelex Xobeh.
  1762 | D:3      | Reached XP level 5. HP: 44/47 MP: 4/4
  1918 | D:3      | Reached skill level 5 in Fighting
  1939 | D:3      | Found a glowing drain.
  1970 | D:3      | Reached skill level 5 in Axes
  1970 | D:3      | Reached *** piety under Trog
  1970 | D:3      | Reached XP level 6. HP: 50/56 MP: 5/5
  1979 | Sewer    | Entered a sewer
  2346 | D:3      | Reached skill level 5 in Armour
  2891 | D:4      | Reached XP level 7. HP: 52/62 MP: 6/6
  2895 | D:4      | Found an opulent altar of Gozag.
  3029 | D:4      | Reached **** piety under Trog
  3104 | D:4      | Found a snail-covered altar of Cheibriados.
  3148 | D:4      | Reached skill level 5 in Dodging
  3621 | D:5      | Entered Level 5 of the Dungeon
  3662 | D:5      | Reached XP level 8. HP: 65/71 MP: 7/7
  3996 | D:5      | Received a gift from Trog
  4005 | D:5      | Found a bloodstained altar of Trog.
  4007 | D:5      | Found a glowing golden altar of the Shining One.
  4047 | D:5      | Found Qafavvuc's Assorted Antiques.
  4141 | D:5      | Found a basalt altar of Yredelemnul.
  4141 | D:5      | Found a hazy altar of Hepliaklqana.
  4441 | D:5      | Found a staircase to the Ecumenical Temple.
  4517 | D:6      | Noticed Duvessa
  4524 | D:6      | Noticed Dowan
  4529 | D:6      | Killed Duvessa
  4536 | D:6      | Killed Dowan
  4738 | D:6      | Found Mityaf's Antique Weapon Shoppe.
  4776 | D:6      | Found an iron altar of Okawaru.
  5105 | D:6      | Reached XP level 9. HP: 80/81 MP: 8/8
  5160 | D:7      | Reached ***** piety under Trog
  5925 | D:7      | You fall through a shaft for 3 floors!
  5925 | D:10     | Entered Level 10 of the Dungeon
  5932 | D:9      | Noticed Erica
  5969 | D:9      | Received a gift from Trog
  5987 | D:9      | Killed Erica
  5987 | D:9      | Reached XP level 10. HP: 43/92 MP: 4/9
  6300 | D:9      | Found a staircase to the Orcish Mines.
  6613 | D:9      | Noticed Prince Ribbit
  6633 | D:9      | Killed Prince Ribbit
  6633 | D:9      | Reached skill level 10 in Fighting
  6633 | D:9      | Reached skill level 10 in Axes
  6785 | D:9      | Noticed a two-headed ogre
  6789 | D:9      | Killed a two-headed ogre
  6789 | D:9      | Reached skill level 10 in Armour
  7214 | D:9      | Noticed Maurice
  7236 | D:9      | Killed Maurice
  7464 | D:9      | Reached XP level 11. HP: 101/101 MP: 10/10
  7828 | D:10     | Received a gift from Trog
  7833 | D:10     | Got a polished hand axe {god gift}
  7834 | D:10     | Identified the +1 hand axe of Pestilence {speed, rPois Dex+7} (Trog gifted it to you on level 10 of the Dungeon)
  8463 | D:10     | Noticed a two-headed ogre
  8469 | D:10     | Killed a two-headed ogre
  8631 | D:10     | Got a shimmering rapier
  8632 | D:10     | Identified the +5 rapier "Newtbane" {venom, Dex+2} (You found it on level 10 of the Dungeon)
  8707 | D:11     | Reached skill level 10 in Dodging
  8998 | D:11     | Found a portal to a secret trove of treasure.
  9400 | D:11     | Found a staircase to the Lair.
  9456 | Lair:1   | Entered Level 1 of the Lair of Beasts
  9484 | Lair:1   | Found a shattered altar of Ashenzari.
  9491 | Lair:1   | Noticed an oklob plant
 10313 | Lair:1   | Reached XP level 12. HP: 111/111 MP: 11/11
 10689 | Lair:2   | Received a gift from Trog
 10897 | Lair:2   | Noticed Sonja
 10912 | Lair:2   | Killed Sonja
 10914 | Lair:2   | HP: 7/168 [poisoned by Sonja]
 10915 | Lair:2   | HP: 2/112 [poisoned by Sonja]
 10927 | Lair:2   | HP: 8/169 [poisoned by Sonja]
 11510 | Lair:3   | Noticed an eight-headed hydra
 11515 | Lair:3   | Killed a ten-headed hydra
 11826 | Lair:3   | Noticed a four-headed hydra
 11833 | Lair:3   | Killed a one-headed hydra
 11833 | Lair:3   | Reached XP level 13. HP: 112/122 MP: 12/12
 12067 | Lair:3   | Received a gift from Trog
 12478 | Lair:4   | Reached ****** piety under Trog
 12502 | Lair:4   | Found a hole to the Spider Nest.
 13032 | Lair:4   | Found a staircase to the Swamp.
 13792 | Lair:5   | Found a runed door.
 13793 | Lair:5   | Found a viscous altar of Jiyva.
 13793 | Lair:5   | Noticed an azure jelly
 13804 | Lair:5   | Found a staircase to the Slime Pits.
 13804 | Lair:5   | Noticed an azure jelly
 13804 | Lair:5   | Noticed an azure jelly
 13804 | Lair:5   | Noticed an azure jelly
 14431 | Lair:5   | Received a gift from Trog
 14440 | Lair:5   | Noticed an entropy weaver
 14440 | Lair:5   | Noticed an entropy weaver
 14447 | Lair:5   | Killed an entropy weaver
 14505 | Lair:5   | Killed an entropy weaver
 14922 | Lair:6   | Entered Level 6 of the Lair of Beasts
 14938 | Lair:6   | Reached XP level 14. HP: 133/133 MP: 13/13
 15303 | Lair:6   | Received a gift from Trog
 15519 | Lair:6   | Reached skill level 15 in Fighting
 15526 | Lair:6   | Reached skill level 15 in Armour
 15718 | Lair:6   | Reached skill level 15 in Axes
 15910 | Lair:6   | Found a bloodstained altar of Trog.
 16493 | Orc:1    | Entered Level 1 of the Orcish Mines
 17387 | Orc:1    | Received a gift from Trog
 17405 | Orc:1    | Noticed a stone giant
 17424 | Orc:1    | Killed a stone giant
 17767 | Orc:2    | Entered Level 2 of the Orcish Mines
 17773 | Orc:2    | Found a staircase to the Elven Halls.
 18001 | Orc:2    | Reached XP level 15. HP: 93/143 MP: 14/14
 18038 | Orc:2    | Received a gift from Trog
 18241 | Orc:2    | Noticed trm's ghost (journeyman DECj)
 18309 | Orc:2    | Killed trm's ghost
 18566 | Orc:2    | Found Noess's Magic Scroll Emporium.
 18574 | Orc:2    | Bought a scroll of enchant armour for 105 gold pieces
 18574 | Orc:2    | Bought a scroll of enchant armour for 105 gold pieces
 18729 | Orc:2    | Found Efunun's General Store.
 18729 | Orc:2    | Found Ipyjacwa's Antique Armour Boutique.
 18731 | Orc:2    | Found Ducwato's Magic Scroll Shop.
 18733 | Orc:2    | Found Hiptef's Magic Scroll Shoppe.
 18745 | Orc:2    | Bought a scroll of brand weapon for 280 gold pieces
 19100 | D:12     | Noticed Psyche
 19108 | D:12     | Killed Psyche
 19271 | D:12     | Noticed Nessos
 19281 | D:12     | Noticed Snorg
 19285 | D:12     | Killed Nessos
 19293 | D:12     | Killed Snorg
 19388 | D:12     | Noticed Josephine
 19393 | D:12     | Killed Josephine
 19522 | D:12     | Received a gift from Trog
 19876 | D:13     | Received a gift from Trog
 19939 | D:13     | Reached skill level 15 in Dodging
 20417 | D:13     | Found a gate to the Vaults.
 20695 | Swamp:1  | Entered Level 1 of the Swamp
 21044 | Swamp:1  | Noticed Aizul
 21062 | Swamp:1  | Killed Aizul
 22027 | Swamp:2  | Received a gift from Trog
 22360 | Swamp:3  | Reached XP level 16. HP: 147/154 MP: 15/15
 22636 | Swamp:3  | Noticed Setanta's ghost (adept GrFi)
 22648 | Swamp:3  | Killed Setanta's ghost
 22680 | Swamp:3  | Noticed a thorn hunter
 22927 | Swamp:3  | Killed a thorn hunter
 23114 | Swamp:4  | Entered Level 4 of the Swamp
 23181 | Swamp:4  | Got a scintillating gossamer ring
 23195 | Swamp:4  | Noticed Thaneod's ghost (adept MiBe)
 23211 | Swamp:4  | Killed Thaneod's ghost
 23856 | Swamp:4  | Got a decaying rune of Zot
 24141 | Spider:1 | Entered Level 1 of the Spider Nest
 24526 | Spider:1 | Identified the ring "Ides" {MP+9 Int+2 Dex+7} (You found it on level 4 of the Swamp)
 24897 | Spider:1 | Identified a scroll of acquirement
 25312 | Spider:2 | Received a gift from Trog
 25759 | Spider:2 | Reached XP level 17. HP: 146/163 MP: 16/16
 27385 | Spider:4 | Entered Level 4 of the Spider Nest
 27385 | Spider:4 | Noticed Arachne
 27409 | Spider:4 | Killed Arachne
 27409 | Spider:4 | Received a gift from Trog
 27505 | Spider:4 | Noticed Kirke
 27520 | Spider:4 | Killed Kirke
 27686 | Spider:4 | HP: 7/166 [disintegration (34)]
 28779 | Spider:4 | Noticed Roxanne
 28945 | Spider:4 | Got a gossamer rune of Zot
 29323 | Vaults:1 | Entered Level 1 of the Vaults
 29457 | Vaults:1 | Received a gift from Trog
 29517 | Vaults:1 | Reached XP level 18. HP: 142/174 MP: 17/17
 30078 | Vaults:1 | Found Wyug's Distillery.
 30239 | Vaults:1 | Received a gift from Trog
 30912 | Vaults:2 | Found a staircase to the Crypt.
 31154 | Vaults:2 | Received a gift from Trog
 31194 | Vaults:2 | Paralysed by a sphinx for 7 turns
 31460 | Vaults:2 | Reached XP level 19. HP: 173/184 MP: 18/18
 32295 | Vaults:2 | Found Fod Cem's Assorted Antiques.
 32439 | Vaults:3 | Received a gift from Trog
 32778 | Vaults:3 | Found Lodorouj's Antique Armour Shop.
 32785 | Vaults:3 | Bought a pair of runed gloves for 195 gold pieces
 32859 | Vaults:3 | Noticed Xtahua
 32865 | Vaults:3 | Killed Xtahua
 33335 | Vaults:4 | Received a gift from Trog
 33785 | Vaults:4 | Reached XP level 20. HP: 195/195 MP: 19/19
 33790 | Vaults:4 | Received a gift from Trog
 33829 | Vaults:4 | Noticed Margery
 33841 | Vaults:4 | Killed Margery
 34365 | Vaults:4 | Received a gift from Trog
 34475 | Vaults:4 | Found Xofal's Distillery.
 34481 | Vaults:4 | Bought a potion of flight for 42 gold pieces
 34481 | Vaults:4 | Bought a potion of mutation for 112 gold pieces
 34481 | Vaults:4 | Bought a potion of mutation for 112 gold pieces
 34743 | D:14     | Found a frozen archway.
 34810 | IceCv    | Entered an ice cave
 35442 | D:14     | Found a sacrificial altar of Ru.
 35843 | D:15     | Entered Level 15 of the Dungeon
 35852 | D:15     | Received a gift from Trog
 36085 | D:15     | Found a staircase to the Depths.
 36271 | Depths:1 | Entered Level 1 of the Depths
 36718 | Depths:1 | Received a gift from Trog
 37260 | Depths:1 | Found a gateway to Hell.
 37371 | Depths:1 | Reached XP level 21. HP: 159/205 MP: 20/20
 37901 | Depths:2 | Found a one-way gate leading to the halls of Pandemonium.
 38199 | Depths:2 | Noticed a caustic shrike
 38525 | Depths:2 | Got a pair of faintly glowing boots
 38526 | Depths:2 | Identified the +3 pair of boots of the Wasteland {Str+5} (You found it on level 2 of the Depths)
 38780 | Depths:3 | Found a burning altar of Makhleb.
 38828 | Depths:3 | Noticed Jory
 38839 | Depths:3 | Killed Jory
 39047 | Depths:3 | Received a gift from Trog
 39051 | Depths:3 | Noticed a golden dragon
 39068 | Depths:3 | Killed a golden dragon
 39087 | Depths:3 | Slain by a stone giant

Skill      XL: |  1  2  3  4  5  6  7  8  9 10 11 12 13 14 15 16 17 18 19 20 21 |
---------------+----------------------------------------------------------------+-----
Axes           | 4 5 6 7 9 10 12 13 14 15 16 17 18 19 20 21 22 | 22.1
Fighting       | 4 5 6 8 9 10 12 13 14 15 16 17 18 19 20 21 22 | 22.1
Armour         | 3 4 5 6 7 9 10 11 13 14 15 16 17 18 19 20 21 22 | 22.1
Dodging        | 3 4 5 6 8 9 10 12 13 14 15 16 17 18 19 20 | 20.8

Action                   |  1- 3 |  4- 6 |  7- 9 | 10-12 | 13-15 | 16-18 | 19-21 || total
-------------------------+-------+-------+-------+-------+-------+-------+-------++-------
Melee: Hand axe          |    67 |   155 |   306 |     1 |       |       |       ||   529
       Headbutt          |     8 |    18 |    59 |    94 |   220 |   297 |   374 ||  1070
       Battleaxe         |       |       |       |   361 |   771 |   320 |       ||  1452
       Executioner's axe |       |       |       |    61 |   261 |   781 |  1007 ||  2110
Invok: Berserk           |     1 |       |     3 |     4 |     5 |     4 |     1 ||    18
       Burn Spellbooks   |       |       |       |     1 |     2 |     1 |     1 ||     5
       Trog's Hand       |       |       |       |     2 |     1 |       |     2 ||     5
       Brothers in Arms  |       |       |       |       |     6 |    16 |    20 ||    42
Evoke: Wand              |       |       |       |     1 |       |       |       ||     1
  Use: Scroll            |       |       |     4 |     5 |    23 |    16 |    21 ||    69
       Potion            |       |       |       |     5 |     8 |       |     2 ||    15
 Stab: Petrifying        |       |       |       |       |     1 |       |     2 ||     3
       Distracted        |       |       |       |       |       |       |     2 ||     2
       Paralysed         |       |       |       |       |       |       |    11 ||    11
       Confused          |       |       |       |       |       |       |     1 ||     1
       Petrified         |       |       |       |       |       |       |     4 ||     4
  Eat: Chunk             |       |     6 |    14 |    22 |    31 |    26 |    26 ||   125
       Fruit             |       |     1 |     1 |     5 |     6 |     7 |     5 ||    25
       Royal jelly       |       |       |       |       |     3 |     2 |     2 ||     7
       Meat ration       |       |       |       |       |       |     1 |       ||     1
Armor: Animal skin       |    14 |       |       |       |       |       |       ||    14
       Scale mail        |     5 |    86 |   138 |   242 |   203 |       |       ||   674
       Gold dragon scale |       |       |       |       |   554 |  1073 |   631 ||  2258
       Plate armour      |       |       |       |       |     4 |       |       ||     4
Dodge: Dodged            |    53 |   101 |   193 |   469 |   893 |  1039 |   885 ||  3633
